 Dungeon Crawl Stone Soup version 0.29.1-1-gd02db6906a (webtiles) character file.

Game seed: 7631725351526998642

79 MisterFreud the Twirler (level 4, -1/33 HPs)
             Began as a Formicid Gladiator on Sept 28, 2022.
             Slain by Sigmund
             ... wielding a +4 scythe of venom
              (12 damage)
             ... on level 2 of the Dungeon.
             The game lasted 00:02:04 (2063 turns).

MisterFreud the Twirler (Formicid Gladiator)        Turns: 2063, Time: 00:02:04

Health: -1/33      AC:  3    Str: 20    XL:     4   Next: 62%
Magic:  4/4        EV: 12    Int:  8    God:
Gold:   97         SH:  0    Dex: 15    Spells: 3/3 levels left

rFire   . . .      SeeInvis +   a - +0 quarterstaff
rCold   . . .      Faith    .   (no shield)
rNeg    . . .      Spirit   .   b - +0 leather armour
rPois   .          Reflect  .   (helmet unavailable)
rElec   .          Harm     .   (no cloak)
rCorr   .          Rampage  .   (no gloves)
Will    .....                   (no boots)
Stlth   +.........              (no amulet)
HPRegen 0.11/turn               (no ring)
MPRegen 0.09/turn               (no ring)

@: flying
A: permanent stasis, dig shafts and tunnels, antennae 3, four strong arms
a: Dig, Shaft Self


You were on level 2 of the Dungeon.
You visited 1 branch of the dungeon, and saw 4 of its levels.

You collected 97 gold pieces.

Inventory:

Hand Weapons
 a - a +0 quarterstaff (weapon)
Missiles
 c - 3 throwing nets (quivered)
 d - a javelin
Armour
 b - a +0 leather armour (worn)
Jewellery
 f - an amulet of regeneration
 h - a ring of fire
Scrolls
 k - a scroll of enchant weapon {unknown}
 m - a scroll of butterflies {unknown}
 o - a scroll of summoning {unknown}
 p - a scroll of vulnerability {unknown}
Potions
 e - a potion of flight
 g - a potion of haste {unknown}
 i - a potion of resistance {unknown}
 j - a potion of curing
 l - a potion of heal wounds {unknown}


   Skills:
 - Level 2.1 Fighting
 + Level 5.0 Staves
 - Level 2.0 Throwing
 - Level 2.6 Dodging


You had 3 spell levels left.
You didn't know any spells.
Your spell library was empty.

Dungeon Overview and Level Annotations

Branches:
Dungeon (4/15)
 Temple: D:4-7

Altars:

Annotations:
D:2 Sigmund


Innate Abilities, Weirdness & Mutations

You cannot be hasted, slowed, berserked, paralysed or teleported.
You can dig through walls and to a lower floor.
You have a pair of large antennae on your head. (SInv)
Your four strong arms can wield two-handed weapons with a shield.


Message History

Sigmund screams, "You will never...
NEVER!!!"
The giant cockroach barely misses you.
You hit the giant cockroach.
The giant cockroach is moderately wounded.
You feel less confused.
Sigmund hits you from afar with a +4 scythe of venom.
You are poisoned.
The giant cockroach bites you.
You feel very sick.
The giant cockroach attacks as you move away!
The giant cockroach closely misses you.
You feel very sick.
It was a potion of flight.
You feel very buoyant.
You fly up into the air.
You feel sick.
The giant cockroach bites you but does no damage.
Sigmund hits you from afar with a +4 scythe of venom.
You are more poisoned.
The giant cockroach closely misses you.
It was a potion of curing.
You feel better. The giant cockroach misses you. Sigmund barely misses you.
The giant cockroach barely misses you.
You hit Sigmund but do no damage.
The giant cockroach bites you but does no damage.
Sigmund hits you with a +4 scythe of venom!
You are lethally poisoned!
You sock Sigmund!
Sigmund is heavily wounded.
You feel very sick. The giant cockroach misses you.
You sock Sigmund! You punch Sigmund.
Sigmund is almost dead.
You feel very sick.
The giant cockroach bites you but does no damage.
Sigmund gestures at you while chanting. The magic dart hits you.
* * * LOW HITPOINT WARNING * * *
The giant cockroach misses you.
You feel better.
Sigmund hits you with a +4 scythe of venom!
You die...

##### ## #########...# #######
#. ............# #.....# #.
............# #.....# #.
............####.....###.
.......B@...##.........).
.......@....##...........
............##...........
............##...........
.'###....#####........... .
#...(#####...........
.'###....#.............##
#............†.#.............#_
#........(...................##


You could see Sigmund (invisible) and a giant cockroach.

Vanquished Creatures
  3 adders (D:2)
  3 worms (D:2)
  2 dart slugs (D:2)
  3 ball pythons
  4 endoplasms
  2 giant cockroaches
  6 goblins
  2 hobgoblins
  A kobold (D:2)
  A quokka (D:2)
  5 bats
  5 frilled lizards
  3 rats
40 creatures vanquished.

Notes
Turn   | Place    | Note
-------+----------+-------------------------------------------
     0 | D:1      | MisterFreud the Formicid Gladiator began the quest for the
                  | Orb.
     0 | D:1      | Reached XP level 1. HP: 16/16 MP: 1/1
   174 | D:1      | Reached XP level 2. HP: 22/22 MP: 2/2
  1126 | D:2      | Reached skill level 4 in Staves
  1126 | D:2      | Reached XP level 3. HP: 19/27 MP: 3/3
  1248 | D:2      | Noticed Sigmund
  1262 | D:2      | You fall into a shaft and drop 2 floors!
  1636 | D:2      | Reached XP level 4. HP: 33/33 MP: 4/4
  1744 | D:2      | Reached skill level 5 in Staves
  1917 | D:2      | Found a faded altar of an unknown god.
  2063 | D:2      | Slain by Sigmund

Illustrated notes

Levels and vault maps discovered:
D:1:      dpeg_arrival_rooms_c, layout_basic, dreamdust_wishing_well
D:2:      minmay_alternating_diamond, layout_basic,
          hellmonk_ecumenical_altar_leap_of_faith, uniq_sigmund
D:3:      layout_basic, lemuel_coloured_pillars_altar,
          mainiacjoe_overflow_large_starburst
D:4:      minmay_chambers_of_twos, layout_basic, grunt_gozag_breadcrumbs,
          mainiacjoe_overflow_cross_hatched, lemuel_doored_altar, uniq_eustachio

Skill      XL: |  1  2  3  4 |
---------------+-------------+-----
Staves         | 4 5 |  5.0
Fighting       | |  2.1
Throwing       | |  2.0
Dodging        | |  2.6

Action                   |  1- 3 |  4- 6 || total
-------------------------+-------+-------++-------
Melee: Quarterstaff      |    82 |    29 ||   111
       Punch             |     1 |     2 ||     3
Throw: Dart              |       |     4 ||     4
  Use: Potion            |       |     3 ||     3
 Stab: Sleeping          |       |     1 ||     1
Armor: Leather armour    |    18 |    12 ||    30
Dodge: Dodged            |    60 |    33 ||    93
